[ AOE2 MATCH · #467540158 ]
UnrankedTeutons vs Tatars
[ REPLAY ANALYSIS · EXTRACTED FROM THE RECORDED GAME ]
Feudal
11:32
Castle
15:33
Imperial
30:00
| APM avg | 29.7 |
| APM peak | 64 |
| eAPM avg | 15.2 |
| Villagers / military | 161 / 445 |
Focus
⚔️ 28.6% · 🌾 71.4%
Spearman ×278 · Scorpion ×149 · Bombard Cannon ×13 · Trebuchet (Packed) ×5
Feudal
11:15
Castle
15:35
Imperial
31:25
| APM avg | 32.1 |
| APM peak | 81 |
| eAPM avg | 16.5 |
| Villagers / military | 208 / 227 |
Focus
⚔️ 24.3% · 🌾 75.7%
Cavalry Archer ×130 · Scout Cavalry ×90 · Trebuchet (Packed) ×6 · Monk ×1
Feudal
12:57
Castle
16:49
Imperial
34:40
| APM avg | 26.2 |
| APM peak | 61 |
| eAPM avg | 17.4 |
| Villagers / military | 143 / 155 |
Focus
⚔️ 41.3% · 🌾 58.7%
Mangudai ×46 · Camel Scout ×37 · Scout Cavalry ×30 · Battering Ram ×26 · Monk ×12 · Petard ×2
Feudal
10:40
Castle
14:25
Imperial
29:12
| APM avg | 34.9 |
| APM peak | 68 |
| eAPM avg | 21.3 |
| Villagers / military | 131 / 512 |
Focus
⚔️ 38.3% · 🌾 61.7%
Spearman ×226 · Knight ×173 · Skirmisher ×107 · Trebuchet (Packed) ×5 · Monk ×1
Feudal
11:36
Castle
15:31
Imperial
29:24
| APM avg | 36.7 |
| APM peak | 83 |
| eAPM avg | 24.2 |
| Villagers / military | 176 / 386 |
Focus
⚔️ 25.2% · 🌾 74.8%
Knight ×327 · Archer ×53 · Trebuchet (Packed) ×5 · Monk ×1
Feudal
12:13
Castle
16:12
Imperial
27:10
| APM avg | 22.1 |
| APM peak | 57 |
| eAPM avg | 14.3 |
| Villagers / military | 123 / 318 |
Focus
⚔️ 31.3% · 🌾 68.7%
Scout Cavalry ×141 · Spearman ×94 · Knight ×81 · Monk ×2
Feudal
10:56
Castle
15:21
Imperial
29:53
| APM avg | 21.5 |
| APM peak | 48 |
| eAPM avg | 16.8 |
| Villagers / military | 124 / 241 |
Focus
⚔️ 35.0% · 🌾 65.0%
Camel Scout ×133 · Hand Cannoneer ×103 · Trade Cart ×22 · Monk ×3 · Trebuchet (Packed) ×2
Feudal
—
Castle
—
Imperial
—
| APM avg | 24.0 |
| APM peak | 64 |
| eAPM avg | 15.5 |
| Villagers / military | 157 / 338 |
Focus
⚔️ 24.7% · 🌾 75.3%
Archer ×177 · Camel Scout ×59 · Skirmisher ×54 · Scout Cavalry ×25 · War Elephant ×18 · Trebuchet (Packed) ×5
Match map
Initial resources + every placement click. Lines = walls · curves = elevation contours. ◆ gold · ⬟ stone · ● berries · ✦ relic · ◌ wall gap
Your base· ✓ Closed at 15:33 · 0t walls · 2 gate(s)
gabrielholzapfel's base· ✓ Closed at 15:35 · 0t walls · 2 gate(s)
[BK] Ayala_27's base· ✓ Closed at 16:49 · 0t walls · 2 gate(s)
praetorian005's base· ✓ Closed at 14:25 · 0t walls · 2 gate(s)
西游—理塘丁真's base· ✓ Closed at 15:31 · 0t walls · 2 gate(s)
Hello World's base· ✓ Closed at 16:12 · 0t walls · 2 gate(s)
a0973081361's base· ✓ Closed at 15:21 · 0t walls · 2 gate(s)
IIIIIIIIIII2155's base· ✓ Closed at 12:40 · 0t walls · 2 gate(s)
Smoothed initial terrain · ◌ = detected wall gap · hover for details
Inputs per minute
— YooLu - - gabrielholzapfel
Build order — YooLu
First 150 of 447 actions detected
| 0:03 | Build | House |
| 0:04 | Create | Villager (Male) |
| 0:04 | Create | Villager (Male) |
| 0:05 | Create | Villager (Male) |
| 0:05 | Create | Villager (Male) |
| 0:05 | Create | Villager (Male) |
| 0:15 | Build | House |
| 1:12 | Build | Mill |
| 1:42 | Create | Villager (Male) |
| 2:40 | Create | Villager (Male) |
| 2:41 | Create | Villager (Male) |
| 3:03 | Create | Villager (Male) |
| 3:03 | Create | Villager (Male) |
| 3:31 | Create | Villager (Male) |
| 3:54 | Build | House |
| 4:18 | Create | Villager (Male) |
| 4:18 | Create | Villager (Male) |
| 4:18 | Create | Villager (Male) |
| 4:19 | Create | Villager (Male) |
| 5:11 | Create | Villager (Male) |
| 5:11 | Create | Villager (Male) |
| 5:11 | Create | Villager (Male) |
| 5:11 | Create | Villager (Male) |
| 5:12 | Create | Villager (Male) |
| 5:26 | Create | Villager (Male) |
| 5:26 | Create | Villager (Male) |
| 5:54 | Build | Lumber Camp |
| 6:13 | Build | House |
| 7:40 | Create | Villager (Male) |
| 7:40 | Create | Villager (Male) |
| 7:40 | Create | Villager (Male) |
| 7:41 | Create | Villager (Male) |
| 8:40 | Build | Mill |
| 8:53 | Build | Mining Camp |
| 9:07 | Build | House |
| 9:22 | Research | Feudal Age |
| 10:11 | Build | Farm |
| 10:14 | Build | Farm |
| 10:16 | Build | Farm |
| 11:27 | Research | Loom |
| 11:28 | Create | Villager (Male) |
| 11:32 | Age | Feudal Age |
| 11:39 | Build | Market |
| 11:55 | Create | Villager (Male) |
| 12:20 | Build | Blacksmith |
| 12:37 | Build | Farm |
| 12:42 | Build | Farm |
| 12:53 | Research | Castle Age |
| 13:25 | Build | House |
| 13:30 | Create | Villager (Male) |
| 13:43 | Research | Double-Bit Axe |
| 13:48 | Build | Farm |
| 13:58 | Build | Farm |
| 15:33 | Age | Castle Age |
| 15:41 | Build | Town Center |
| 15:52 | Create | Villager (Male) |
| 15:52 | Create | Villager (Male) |
| 16:26 | Create | Villager (Male) |
| 16:28 | Create | Villager (Male) |
| 16:42 | Build | Farm |
| 16:52 | Build | Town Center |
| 16:57 | Create | Villager (Male) |
| 16:58 | Create | Villager (Male) |
| 16:58 | Create | Villager (Male) |
| 16:58 | Create | Villager (Male) |
| 17:05 | Build | Farm |
| 17:08 | Create | Villager (Male) |
| 17:09 | Create | Villager (Male) |
| 17:55 | Build | Farm |
| 17:57 | Create | Villager (Male) |
| 17:57 | Create | Villager (Male) |
| 17:57 | Create | Villager (Male) |
| 18:03 | Build | Farm |
| 18:19 | Build | Farm |
| 18:22 | Build | Farm |
| 18:26 | Build | House |
| 18:28 | Build | House |
| 18:32 | Create | Villager (Male) |
| 18:32 | Create | Villager (Male) |
| 18:33 | Create | Villager (Male) |
| 18:43 | Build | Farm |
| 18:46 | Research | Horse Collar |
| 18:51 | Build | Farm |
| 18:59 | Build | Farm |
| 19:02 | Build | Farm |
| 19:05 | Build | Farm |
| 19:07 | Create | Villager (Male) |
| 19:07 | Create | Villager (Male) |
| 19:12 | Build | Farm |
| 19:23 | Build | Farm |
| 19:26 | Create | Villager (Male) |
| 19:26 | Create | Villager (Male) |
| 19:29 | Build | Farm |
| 19:33 | Build | Farm |
| 19:38 | Build | Farm |
| 19:44 | Build | Farm |
| 19:51 | Build | Farm |
| 19:54 | Build | Farm |
| 19:55 | Build | Farm |
| 19:57 | Create | Villager (Male) |
| 19:57 | Create | Villager (Male) |
| 19:58 | Create | Villager (Male) |
| 20:11 | Build | Farm |
| 20:12 | Build | Farm |
| 20:14 | Build | Farm |
| 20:16 | Create | Villager (Male) |
| 20:17 | Create | Villager (Male) |
| 20:17 | Create | Villager (Male) |
| 20:25 | Build | Farm |
| 20:28 | Create | Villager (Male) |
| 20:28 | Create | Villager (Male) |
| 20:37 | Build | Farm |
| 20:40 | Build | Farm |
| 20:44 | Create | Villager (Male) |
| 20:45 | Create | Villager (Male) |
| 20:45 | Create | Villager (Male) |
| 20:48 | Build | House |
| 20:50 | Build | House |
| 20:53 | Create | Villager (Male) |
| 20:53 | Create | Villager (Male) |
| 20:58 | Create | Villager (Male) |
| 20:59 | Create | Villager (Male) |
| 21:02 | Build | Farm |
| 21:12 | Build | Farm |
| 21:16 | Build | Farm |
| 21:19 | Create | Villager (Male) |
| 21:19 | Create | Villager (Male) |
| 21:24 | Build | Farm |
| 21:28 | Build | Farm |
| 21:40 | Create | Villager (Male) |
| 21:40 | Create | Villager (Male) |
| 21:40 | Create | Villager (Male) |
| 21:42 | Create | Villager (Male) |
| 21:45 | Create | Villager (Male) |
| 21:54 | Build | Farm |
| 22:05 | Build | House |
| 22:06 | Build | House |
| 22:09 | Create | Villager (Male) |
| 22:09 | Create | Villager (Male) |
| 22:09 | Create | Villager (Male) |
| 22:10 | Create | Villager (Male) |
| 22:13 | Build | Farm |
| 22:26 | Build | Farm |
| 22:29 | Build | Farm |
| 22:38 | Create | Villager (Male) |
| 22:38 | Create | Villager (Male) |
| 22:38 | Create | Villager (Male) |
| 22:45 | Build | Farm |
| 22:50 | Create | Villager (Male) |
| 22:55 | Build | Farm |
Build order — gabrielholzapfel
First 150 of 480 actions detected
| 0:00 | Create | Villager (Male) |
| 0:01 | Create | Villager (Male) |
| 0:01 | Create | Villager (Male) |
| 0:02 | Create | Villager (Male) |
| 0:04 | Build | House |
| 0:06 | Build | House |
| 1:33 | Create | Villager (Male) |
| 1:33 | Create | Villager (Male) |
| 1:49 | Create | Villager (Male) |
| 2:18 | Build | Lumber Camp |
| 2:41 | Create | Villager (Male) |
| 2:42 | Create | Villager (Male) |
| 3:38 | Create | Villager (Male) |
| 3:39 | Create | Villager (Male) |
| 3:39 | Create | Villager (Male) |
| 4:08 | Build | House |
| 4:45 | Build | Mill |
| 4:54 | Create | Villager (Male) |
| 4:55 | Create | Villager (Male) |
| 5:37 | Create | Villager (Male) |
| 5:37 | Create | Villager (Male) |
| 5:37 | Create | Villager (Male) |
| 5:38 | Create | Villager (Male) |
| 5:49 | Build | House |
| 6:54 | Create | Villager (Male) |
| 6:54 | Create | Villager (Male) |
| 6:54 | Create | Villager (Male) |
| 6:56 | Build | Mill |
| 7:16 | Create | Villager (Male) |
| 7:17 | Create | Villager (Male) |
| 7:17 | Create | Villager (Male) |
| 8:27 | Research | Feudal Age |
| 8:28 | Build | Mining Camp |
| 8:45 | Build | House |
| 9:45 | Build | Barracks |
| 10:10 | Create | Villager (Male) |
| 10:10 | Create | Villager (Male) |
| 11:15 | Age | Feudal Age |
| 11:24 | Build | Archery Range |
| 11:27 | Create | Villager (Male) |
| 12:06 | Create | Villager (Male) |
| 12:25 | Build | Blacksmith |
| 12:47 | Build | House |
| 12:55 | Research | Castle Age |
| 13:32 | Research | Fletching |
| 13:35 | Research | Double-Bit Axe |
| 13:37 | Research | Horse Collar |
| 14:21 | Create | Villager (Male) |
| 14:30 | Research | Gold Mining |
| 15:35 | Age | Castle Age |
| 15:42 | Build | Town Center |
| 15:49 | Build | Town Center |
| 15:53 | Create | Cavalry Archer |
| 15:53 | Create | Cavalry Archer |
| 15:55 | Create | Villager (Male) |
| 16:11 | Build | Monastery |
| 16:16 | Create | Villager (Male) |
| 16:22 | Create | Cavalry Archer |
| 16:32 | Create | Villager (Male) |
| 16:36 | Build | House |
| 16:50 | Create | Cavalry Archer |
| 17:02 | Create | Villager (Male) |
| 17:27 | Create | Monk |
| 17:40 | Create | Villager (Male) |
| 17:47 | Create | Villager (Male) |
| 17:57 | Build | Farm |
| 18:01 | Build | Farm |
| 18:06 | Build | Farm |
| 18:10 | Build | Farm |
| 18:10 | Build | Farm |
| 18:11 | Build | Farm |
| 18:11 | Build | Farm |
| 18:11 | Build | Farm |
| 18:15 | Create | Villager (Male) |
| 18:41 | Create | Villager (Male) |
| 18:41 | Create | Villager (Male) |
| 18:48 | Build | Farm |
| 18:48 | Build | Farm |
| 18:50 | Build | Farm |
| 18:51 | Build | Farm |
| 18:51 | Build | Farm |
| 18:52 | Build | Farm |
| 18:52 | Build | Farm |
| 18:53 | Build | Farm |
| 18:53 | Build | Farm |
| 18:54 | Create | Villager (Male) |
| 19:16 | Create | Villager (Male) |
| 19:17 | Create | Villager (Male) |
| 19:20 | Research | Fervor |
| 19:25 | Create | Villager (Male) |
| 19:26 | Create | Villager (Male) |
| 19:36 | Build | Farm |
| 19:37 | Build | Farm |
| 19:48 | Build | Farm |
| 19:50 | Build | Farm |
| 19:53 | Build | Farm |
| 19:57 | Create | Villager (Male) |
| 19:57 | Create | Villager (Male) |
| 20:15 | Create | Villager (Male) |
| 20:15 | Create | Villager (Male) |
| 20:16 | Create | Villager (Male) |
| 20:24 | Build | Farm |
| 20:28 | Build | House |
| 20:29 | Build | House |
| 20:30 | Build | House |
| 20:38 | Research | Wheelbarrow |
| 20:44 | Create | Villager (Male) |
| 20:44 | Create | Villager (Male) |
| 20:51 | Build | Lumber Camp |
| 20:55 | Create | Villager (Male) |
| 20:55 | Create | Villager (Male) |
| 20:56 | Create | Villager (Male) |
| 21:12 | Create | Villager (Male) |
| 21:26 | Create | Villager (Male) |
| 21:32 | Build | Farm |
| 21:38 | Build | Farm |
| 21:39 | Create | Villager (Male) |
| 21:39 | Create | Villager (Male) |
| 21:42 | Build | House |
| 21:43 | Build | House |
| 21:43 | Build | House |
| 22:24 | Build | Mining Camp |
| 22:28 | Build | House |
| 22:29 | Build | House |
| 22:30 | Build | House |
| 22:36 | Create | Villager (Male) |
| 22:37 | Create | Villager (Male) |
| 22:37 | Create | Villager (Male) |
| 22:37 | Create | Villager (Male) |
| 22:37 | Create | Villager (Male) |
| 22:39 | Create | Villager (Male) |
| 22:45 | Build | Farm |
| 22:46 | Build | Farm |
| 23:01 | Build | Stable |
| 23:02 | Build | Stable |
| 23:32 | Create | Villager (Male) |
| 23:33 | Create | Villager (Male) |
| 23:33 | Create | Villager (Male) |
| 23:33 | Create | Villager (Male) |
| 23:36 | Research | Loom |
| 23:43 | Research | Gold Shaft Mining |
| 23:44 | Create | Villager (Male) |
| 23:44 | Create | Villager (Male) |
| 23:48 | Build | Farm |
| 23:49 | Build | Farm |
| 23:49 | Build | Farm |
| 23:49 | Build | Farm |
| 23:50 | Build | Farm |
| 24:03 | Research | Bodkin Arrow |
| 24:30 | Create | Villager (Male) |
Build order — [BK] Ayala_27
First 150 of 483 actions detected
| 0:06 | Create | Villager (Male) |
| 0:07 | Create | Villager (Male) |
| 0:07 | Create | Villager (Male) |
| 0:07 | Create | Villager (Male) |
| 0:09 | Build | House |
| 0:10 | Build | House |
| 1:28 | Create | Villager (Male) |
| 2:11 | Create | Villager (Male) |
| 2:27 | Create | Villager (Male) |
| 2:52 | Create | Villager (Male) |
| 3:04 | Create | Villager (Male) |
| 3:33 | Build | House |
| 3:43 | Create | Villager (Male) |
| 3:44 | Create | Villager (Male) |
| 4:24 | Build | Mill |
| 5:05 | Create | Villager (Male) |
| 5:06 | Create | Villager (Male) |
| 5:37 | Create | Villager (Male) |
| 5:46 | Create | Villager (Male) |
| 5:56 | Build | Lumber Camp |
| 6:16 | Create | Villager (Male) |
| 6:16 | Create | Villager (Male) |
| 6:36 | Create | Villager (Male) |
| 7:20 | Build | House |
| 7:27 | Research | Loom |
| 7:41 | Create | Villager (Male) |
| 7:41 | Create | Villager (Male) |
| 7:57 | Build | Mill |
| 8:01 | Create | Villager (Male) |
| 8:01 | Create | Villager (Male) |
| 8:20 | Create | Villager (Male) |
| 8:53 | Build | House |
| 9:19 | Create | Villager (Male) |
| 9:34 | Build | Lumber Camp |
| 9:38 | Create | Villager (Male) |
| 10:09 | Build | Mining Camp |
| 10:27 | Build | Mining Camp |
| 10:33 | Build | Farm |
| 10:44 | Research | Feudal Age |
| 11:02 | Build | Farm |
| 11:53 | Build | Farm |
| 11:57 | Build | Farm |
| 12:03 | Create | Villager (Male) |
| 12:03 | Create | Villager (Male) |
| 12:17 | Build | House |
| 12:57 | Age | Feudal Age |
| 13:00 | Build | Blacksmith |
| 13:11 | Build | Market |
| 13:32 | Research | Double-Bit Axe |
| 13:35 | Research | Horse Collar |
| 14:09 | Research | Castle Age |
| 14:26 | Create | Villager (Male) |
| 14:26 | Create | Villager (Male) |
| 14:35 | Build | Farm |
| 15:52 | Research | Gold Mining |
| 15:55 | Research | Stone Mining |
| 16:22 | Research | Wheelbarrow |
| 16:49 | Age | Castle Age |
| 16:53 | Build | Monastery |
| 17:02 | Build | University |
| 17:20 | Research | Bow Saw |
| 17:40 | Create | Monk |
| 17:40 | Create | Monk |
| 17:49 | Build | House |
| 17:50 | Build | House |
| 18:28 | Research | Fortified Wall (upgrade) |
| 19:09 | Build | Town Center |
| 19:17 | Research | Town Watch |
| 19:34 | Create | Monk |
| 19:57 | Create | Villager (Male) |
| 19:57 | Create | Villager (Male) |
| 20:06 | Create | Monk |
| 20:11 | Create | Villager (Male) |
| 20:26 | Build | Farm |
| 21:24 | Create | Villager (Male) |
| 21:24 | Create | Villager (Male) |
| 21:25 | Create | Villager (Male) |
| 21:27 | Create | Monk |
| 21:46 | Build | Town Center |
| 21:56 | Create | Monk |
| 21:57 | Create | Villager (Male) |
| 21:58 | Create | Villager (Male) |
| 22:16 | Build | Castle |
| 22:19 | Create | Villager (Male) |
| 22:20 | Create | Villager (Male) |
| 22:32 | Build | Farm |
| 22:35 | Build | Farm |
| 22:36 | Build | Farm |
| 22:37 | Build | Farm |
| 22:38 | Build | Farm |
| 22:40 | Build | Farm |
| 22:52 | Build | Farm |
| 23:00 | Build | Farm |
| 23:01 | Build | Farm |
| 23:02 | Build | Farm |
| 23:20 | Create | Villager (Male) |
| 23:21 | Create | Villager (Male) |
| 23:36 | Build | Farm |
| 23:44 | Build | Farm |
| 23:46 | Build | Farm |
| 23:48 | Build | Farm |
| 23:48 | Build | Farm |
| 23:52 | Research | Heavy Plow |
| 23:56 | Create | Monk |
| 24:01 | Build | Farm |
| 24:03 | Create | Villager (Male) |
| 24:04 | Create | Villager (Male) |
| 24:13 | Create | Petard |
| 24:44 | Build | Barracks |
| 24:47 | Create | Petard |
| 24:49 | Create | Villager (Male) |
| 24:49 | Create | Villager (Male) |
| 24:50 | Create | Villager (Male) |
| 24:58 | Create | Villager (Male) |
| 24:58 | Create | Villager (Male) |
| 25:04 | Build | Farm |
| 25:05 | Build | Farm |
| 25:06 | Create | Villager (Male) |
| 25:06 | Create | Villager (Male) |
| 25:12 | Build | Farm |
| 25:13 | Build | Farm |
| 25:14 | Create | Villager (Male) |
| 25:29 | Research | Fletching |
| 25:33 | Create | Villager (Male) |
| 25:42 | Build | House |
| 25:43 | Build | House |
| 25:48 | Create | Villager (Male) |
| 25:48 | Create | Villager (Male) |
| 25:50 | Create | Villager (Male) |
| 25:51 | Create | Villager (Male) |
| 26:14 | Create | Mangudai |
| 26:15 | Create | Mangudai |
| 26:15 | Create | Mangudai |
| 26:15 | Create | Mangudai |
| 26:21 | Research | Bodkin Arrow |
| 26:21 | Create | Villager (Male) |
| 26:22 | Create | Villager (Male) |
| 26:28 | Create | Villager (Male) |
| 26:45 | Build | Farm |
| 26:47 | Build | Farm |
| 26:49 | Build | Farm |
| 26:51 | Create | Villager (Male) |
| 26:52 | Create | Villager (Male) |
| 26:53 | Create | Villager (Male) |
| 26:53 | Create | Villager (Male) |
| 26:54 | Create | Villager (Male) |
| 27:09 | Build | House |
| 27:12 | Create | Villager (Male) |
| 27:13 | Create | Villager (Male) |
| 27:13 | Create | Villager (Male) |
Build order — praetorian005
First 150 of 531 actions detected
| 0:01 | Create | Villager (Male) |
| 0:01 | Create | Villager (Male) |
| 0:01 | Create | Villager (Male) |
| 0:02 | Create | Villager (Male) |
| 0:07 | Build | House |
| 0:08 | Build | House |
| 1:29 | Create | Villager (Male) |
| 1:50 | Build | Lumber Camp |
| 2:04 | Create | Villager (Male) |
| 2:33 | Create | Villager (Male) |
| 2:55 | Create | Villager (Male) |
| 3:14 | Create | Villager (Male) |
| 3:36 | Build | Mill |
| 3:46 | Create | Villager (Male) |
| 4:02 | Build | House |
| 4:05 | Create | Villager (Male) |
| 4:22 | Build | House |
| 4:29 | Build | House |
| 4:33 | Create | Villager (Male) |
| 5:03 | Build | House |
| 5:10 | Create | Villager (Male) |
| 5:11 | Create | Villager (Male) |
| 5:40 | Create | Villager (Male) |
| 5:52 | Create | Villager (Male) |
| 5:58 | Create | Villager (Male) |
| 6:05 | Build | Mining Camp |
| 6:11 | Create | Villager (Male) |
| 6:31 | Create | Villager (Male) |
| 7:06 | Create | Villager (Male) |
| 7:15 | Create | Villager (Male) |
| 7:41 | Create | Villager (Male) |
| 7:44 | Create | Villager (Male) |
| 8:31 | Research | Feudal Age |
| 9:14 | Create | Villager (Male) |
| 9:14 | Create | Villager (Male) |
| 10:40 | Age | Feudal Age |
| 10:44 | Build | Market |
| 10:47 | Build | Blacksmith |
| 11:13 | Create | Villager (Male) |
| 11:43 | Research | Castle Age |
| 12:19 | Build | House |
| 12:20 | Build | House |
| 12:21 | Build | House |
| 12:28 | Research | Double-Bit Axe |
| 13:19 | Build | Farm |
| 13:19 | Build | Farm |
| 13:20 | Build | Farm |
| 13:20 | Build | Farm |
| 13:24 | Build | Farm |
| 13:40 | Build | House |
| 13:47 | Build | Farm |
| 13:52 | Build | Farm |
| 14:01 | Create | Villager (Male) |
| 14:02 | Create | Villager (Male) |
| 14:25 | Age | Castle Age |
| 14:31 | Build | Monastery |
| 14:35 | Create | Villager (Male) |
| 15:04 | Build | Town Center |
| 15:26 | Create | Villager (Male) |
| 15:29 | Create | Monk |
| 15:45 | Create | Villager (Male) |
| 15:54 | Build | Town Center |
| 16:14 | Create | Villager (Male) |
| 16:27 | Create | Villager (Male) |
| 16:36 | Build | Barracks |
| 16:45 | Create | Villager (Male) |
| 16:45 | Create | Villager (Male) |
| 16:59 | Build | Farm |
| 17:03 | Build | House |
| 17:05 | Create | Villager (Male) |
| 17:13 | Build | Farm |
| 17:17 | Build | Farm |
| 17:24 | Build | Farm |
| 17:31 | Create | Villager (Male) |
| 17:45 | Build | Stable |
| 17:48 | Create | Spearman |
| 17:51 | Create | Villager (Male) |
| 17:56 | Build | Farm |
| 18:01 | Create | Villager (Male) |
| 18:12 | Build | Farm |
| 18:18 | Build | Farm |
| 18:19 | Create | Villager (Male) |
| 18:19 | Create | Villager (Male) |
| 18:23 | Build | Farm |
| 18:34 | Build | Farm |
| 18:36 | Create | Villager (Male) |
| 18:44 | Build | House |
| 18:46 | Create | Villager (Male) |
| 18:51 | Build | Farm |
| 18:52 | Build | Farm |
| 18:58 | Build | Farm |
| 19:00 | Build | Farm |
| 19:01 | Create | Villager (Male) |
| 19:03 | Build | Farm |
| 19:07 | Build | Farm |
| 19:10 | Create | Villager (Male) |
| 19:20 | Build | Farm |
| 19:37 | Create | Villager (Male) |
| 19:37 | Create | Villager (Male) |
| 19:37 | Create | Villager (Male) |
| 19:39 | Build | House |
| 19:42 | Build | Farm |
| 19:47 | Build | Farm |
| 19:49 | Create | Villager (Male) |
| 19:50 | Create | Villager (Male) |
| 20:18 | Create | Villager (Male) |
| 20:20 | Build | Farm |
| 20:24 | Build | Farm |
| 20:25 | Build | Farm |
| 20:31 | Create | Villager (Male) |
| 20:31 | Create | Villager (Male) |
| 20:32 | Create | Villager (Male) |
| 20:35 | Build | House |
| 20:36 | Create | Villager (Male) |
| 20:36 | Create | Villager (Male) |
| 20:45 | Build | Farm |
| 20:48 | Create | Villager (Male) |
| 20:48 | Create | Villager (Male) |
| 20:52 | Build | Lumber Camp |
| 20:56 | Build | Lumber Camp |
| 21:04 | Build | Farm |
| 21:05 | Build | Farm |
| 21:09 | Create | Villager (Male) |
| 21:09 | Create | Villager (Male) |
| 21:09 | Create | Villager (Male) |
| 21:13 | Build | House |
| 21:14 | Build | House |
| 21:17 | Create | Villager (Male) |
| 21:18 | Create | Villager (Male) |
| 21:23 | Research | Gold Mining |
| 21:28 | Build | Mill |
| 21:32 | Create | Villager (Male) |
| 21:47 | Create | Villager (Male) |
| 21:51 | Build | Farm |
| 21:54 | Create | Villager (Male) |
| 22:05 | Create | Villager (Male) |
| 22:05 | Create | Villager (Male) |
| 22:12 | Build | House |
| 22:19 | Build | Farm |
| 22:20 | Build | Farm |
| 22:21 | Build | Farm |
| 22:25 | Create | Villager (Male) |
| 22:26 | Create | Villager (Male) |
| 22:36 | Research | Bow Saw |
| 22:39 | Create | Villager (Male) |
| 22:39 | Create | Villager (Male) |
| 22:43 | Build | House |
| 22:44 | Build | House |
| 22:45 | Build | House |
| 22:53 | Build | Farm |
Build order — 西游—理塘丁真
First 150 of 537 actions detected
| 0:07 | Build | House |
| 0:09 | Build | House |
| 0:12 | Build | House |
| 0:13 | Create | Villager (Male) |
| 0:13 | Create | Villager (Male) |
| 0:13 | Create | Villager (Male) |
| 0:14 | Create | Villager (Male) |
| 0:14 | Create | Villager (Male) |
| 1:42 | Create | Villager (Male) |
| 1:43 | Create | Villager (Male) |
| 2:09 | Create | Villager (Male) |
| 2:09 | Create | Villager (Male) |
| 2:33 | Create | Villager (Male) |
| 2:34 | Create | Villager (Male) |
| 2:41 | Build | Lumber Camp |
| 3:05 | Create | Villager (Male) |
| 3:05 | Create | Villager (Male) |
| 3:28 | Create | Villager (Male) |
| 3:28 | Create | Villager (Male) |
| 4:01 | Create | Villager (Male) |
| 4:01 | Create | Villager (Male) |
| 4:10 | Create | Villager (Male) |
| 4:10 | Create | Villager (Male) |
| 4:10 | Create | Villager (Male) |
| 4:11 | Create | Villager (Male) |
| 4:46 | Create | Villager (Male) |
| 4:46 | Create | Villager (Male) |
| 4:47 | Create | Villager (Male) |
| 4:55 | Build | Mill |
| 5:31 | Create | Villager (Male) |
| 6:20 | Build | Mill |
| 6:25 | Create | Villager (Male) |
| 6:52 | Create | Villager (Male) |
| 7:17 | Create | Villager (Male) |
| 7:19 | Create | Villager (Male) |
| 7:42 | Create | Villager (Male) |
| 7:49 | Build | Mining Camp |
| 8:30 | Create | Villager (Male) |
| 8:50 | Create | Villager (Male) |
| 8:55 | Research | Feudal Age |
| 8:55 | Research | Feudal Age |
| 8:55 | Research | Feudal Age |
| 10:11 | Build | Lumber Camp |
| 11:27 | Create | Villager (Male) |
| 11:27 | Create | Villager (Male) |
| 11:36 | Age | Feudal Age |
| 11:40 | Build | Market |
| 11:46 | Build | Blacksmith |
| 11:52 | Create | Villager (Male) |
| 12:12 | Build | Lumber Camp |
| 12:44 | Research | Castle Age |
| 12:44 | Research | Castle Age |
| 12:44 | Research | Castle Age |
| 12:52 | Build | House |
| 12:53 | Build | House |
| 12:53 | Build | House |
| 12:55 | Build | House |
| 12:56 | Build | House |
| 13:05 | Research | Horse Collar |
| 13:31 | Research | Double-Bit Axe |
| 13:32 | Research | Double-Bit Axe |
| 13:32 | Research | Double-Bit Axe |
| 13:47 | Build | Farm |
| 13:51 | Build | Farm |
| 13:55 | Build | Farm |
| 14:14 | Build | Farm |
| 14:25 | Build | Farm |
| 14:28 | Research | Loom |
| 14:59 | Build | Farm |
| 15:07 | Create | Villager (Male) |
| 15:31 | Age | Castle Age |
| 15:36 | Build | Town Center |
| 15:50 | Build | Town Center |
| 16:00 | Create | Villager (Male) |
| 16:02 | Research | Heavy Plow |
| 16:02 | Research | Heavy Plow |
| 16:34 | Create | Villager (Male) |
| 16:58 | Build | Farm |
| 17:03 | Create | Villager (Male) |
| 17:04 | Create | Villager (Male) |
| 17:05 | Create | Villager (Male) |
| 17:15 | Build | Mill |
| 17:17 | Build | Farm |
| 17:17 | Build | Farm |
| 17:17 | Build | Farm |
| 17:17 | Build | Farm |
| 17:18 | Build | Farm |
| 17:18 | Build | Farm |
| 17:22 | Create | Villager (Male) |
| 17:22 | Create | Villager (Male) |
| 17:36 | Create | Villager (Male) |
| 17:37 | Create | Villager (Male) |
| 17:38 | Create | Villager (Male) |
| 17:38 | Create | Villager (Male) |
| 17:38 | Create | Villager (Male) |
| 17:39 | Create | Villager (Male) |
| 17:58 | Build | Monastery |
| 18:02 | Create | Villager (Male) |
| 18:02 | Create | Villager (Male) |
| 18:02 | Create | Villager (Male) |
| 18:04 | Create | Villager (Male) |
| 18:07 | Build | Farm |
| 18:12 | Create | Villager (Male) |
| 18:13 | Create | Villager (Male) |
| 18:15 | Build | Farm |
| 18:17 | Build | Farm |
| 18:17 | Build | Farm |
| 18:18 | Build | Farm |
| 18:25 | Create | Villager (Male) |
| 18:25 | Create | Villager (Male) |
| 18:25 | Create | Villager (Male) |
| 18:26 | Create | Villager (Male) |
| 18:27 | Create | Villager (Male) |
| 18:27 | Create | Villager (Male) |
| 18:27 | Create | Villager (Male) |
| 18:37 | Build | Farm |
| 18:39 | Build | Farm |
| 18:45 | Build | Farm |
| 18:50 | Build | Farm |
| 18:52 | Create | Villager (Male) |
| 18:53 | Create | Villager (Male) |
| 18:58 | Build | House |
| 19:00 | Build | House |
| 19:01 | Build | House |
| 19:04 | Create | Monk |
| 19:16 | Create | Villager (Male) |
| 19:23 | Create | Villager (Male) |
| 19:25 | Create | Villager (Male) |
| 19:27 | Create | Villager (Male) |
| 19:37 | Build | Town Center |
| 19:42 | Create | Villager (Male) |
| 19:53 | Create | Villager (Male) |
| 19:59 | Build | Farm |
| 20:12 | Build | Farm |
| 20:14 | Create | Villager (Male) |
| 20:15 | Create | Villager (Male) |
| 20:17 | Research | Wheelbarrow |
| 20:17 | Research | Wheelbarrow |
| 20:19 | Research | Bow Saw |
| 20:22 | Create | Villager (Male) |
| 20:23 | Create | Villager (Male) |
| 20:28 | Create | Villager (Male) |
| 20:28 | Create | Villager (Male) |
| 20:37 | Build | House |
| 20:38 | Build | House |
| 20:38 | Build | House |
| 20:38 | Build | House |
| 20:38 | Build | House |
| 21:02 | Build | Mill |
| 21:03 | Build | Farm |
Build order — Hello World
First 150 of 410 actions detected
| 0:04 | Create | Villager (Male) |
| 0:04 | Create | Villager (Male) |
| 0:05 | Create | Villager (Male) |
| 0:05 | Create | Villager (Male) |
| 0:08 | Build | House |
| 0:11 | Build | House |
| 1:30 | Create | Villager (Male) |
| 1:38 | Build | Lumber Camp |
| 2:05 | Create | Villager (Male) |
| 2:27 | Create | Villager (Male) |
| 3:04 | Create | Villager (Male) |
| 3:23 | Create | Villager (Male) |
| 3:48 | Build | House |
| 3:49 | Build | House |
| 3:52 | Build | House |
| 3:54 | Build | House |
| 3:55 | Build | House |
| 3:57 | Create | Villager (Male) |
| 4:28 | Create | Villager (Male) |
| 4:58 | Create | Villager (Male) |
| 5:02 | Build | Mill |
| 5:28 | Create | Villager (Male) |
| 5:45 | Create | Villager (Male) |
| 6:15 | Create | Villager (Male) |
| 6:30 | Create | Villager (Male) |
| 6:34 | Build | Mill |
| 6:54 | Create | Villager (Male) |
| 7:31 | Create | Villager (Male) |
| 7:31 | Create | Villager (Male) |
| 7:57 | Create | Villager (Male) |
| 8:37 | Create | Villager (Male) |
| 8:38 | Create | Villager (Male) |
| 8:38 | Create | Villager (Male) |
| 9:15 | Build | Mining Camp |
| 9:31 | Create | Villager (Male) |
| 9:55 | Research | Feudal Age |
| 10:16 | Build | Farm |
| 10:21 | Build | Farm |
| 11:32 | Build | Farm |
| 11:51 | Create | Villager (Male) |
| 11:51 | Create | Villager (Male) |
| 11:54 | Build | Farm |
| 12:13 | Age | Feudal Age |
| 12:24 | Build | Market |
| 12:28 | Build | Blacksmith |
| 12:56 | Research | Double-Bit Axe |
| 13:07 | Create | Villager (Male) |
| 13:22 | Research | Castle Age |
| 13:50 | Research | Horse Collar |
| 13:58 | Build | Mining Camp |
| 14:19 | Research | Gold Mining |
| 14:26 | Build | Farm |
| 14:26 | Build | Farm |
| 14:27 | Build | Farm |
| 14:27 | Build | Farm |
| 15:14 | Build | Farm |
| 15:18 | Build | Farm |
| 16:01 | Create | Villager (Male) |
| 16:11 | Create | Villager (Male) |
| 16:12 | Age | Castle Age |
| 16:17 | Build | Monastery |
| 16:26 | Research | Bow Saw |
| 16:32 | Build | Town Center |
| 16:45 | Build | Farm |
| 16:50 | Build | Farm |
| 16:58 | Create | Villager (Male) |
| 17:08 | Create | Villager (Male) |
| 17:13 | Build | Farm |
| 17:24 | Build | Farm |
| 17:25 | Create | Villager (Male) |
| 17:36 | Create | Monk |
| 17:48 | Create | Villager (Male) |
| 17:55 | Build | Farm |
| 17:57 | Build | Farm |
| 18:02 | Create | Villager (Male) |
| 18:04 | Create | Villager (Male) |
| 18:23 | Build | Farm |
| 18:29 | Create | Villager (Male) |
| 18:30 | Create | Monk |
| 18:44 | Create | Villager (Male) |
| 18:46 | Create | Villager (Male) |
| 18:48 | Create | Villager (Male) |
| 18:49 | Create | Villager (Male) |
| 18:49 | Create | Villager (Male) |
| 19:07 | Build | Farm |
| 19:11 | Create | Villager (Male) |
| 19:15 | Build | Farm |
| 19:17 | Create | Villager (Male) |
| 19:18 | Create | Villager (Male) |
| 19:27 | Create | Villager (Male) |
| 19:27 | Create | Villager (Male) |
| 19:27 | Create | Villager (Male) |
| 19:34 | Create | Villager (Male) |
| 19:34 | Create | Villager (Male) |
| 19:49 | Build | House |
| 19:52 | Research | Wheelbarrow |
| 20:08 | Research | Loom |
| 20:36 | Create | Villager (Male) |
| 20:36 | Create | Villager (Male) |
| 20:51 | Create | Villager (Male) |
| 20:51 | Create | Villager (Male) |
| 20:52 | Create | Villager (Male) |
| 20:58 | Build | Farm |
| 20:58 | Build | Farm |
| 20:58 | Build | Farm |
| 21:00 | Create | Villager (Male) |
| 21:02 | Create | Villager (Male) |
| 21:02 | Create | Villager (Male) |
| 21:30 | Build | House |
| 21:31 | Build | House |
| 21:32 | Build | House |
| 21:32 | Build | House |
| 21:35 | Build | House |
| 21:36 | Build | House |
| 21:46 | Create | Villager (Male) |
| 21:48 | Create | Villager (Male) |
| 22:10 | Build | Farm |
| 22:22 | Build | House |
| 22:24 | Create | Villager (Male) |
| 22:47 | Create | Villager (Male) |
| 22:47 | Create | Villager (Male) |
| 23:02 | Build | Farm |
| 23:06 | Build | Farm |
| 23:10 | Build | House |
| 23:21 | Build | University |
| 23:35 | Build | Farm |
| 23:43 | Create | Villager (Male) |
| 23:44 | Create | Villager (Male) |
| 23:59 | Build | Farm |
| 24:00 | Research | Imperial Age |
| 24:32 | Build | Town Center |
| 24:38 | Create | Villager (Male) |
| 24:38 | Create | Villager (Male) |
| 25:17 | Build | House |
| 25:18 | Build | House |
| 25:19 | Build | House |
| 25:19 | Build | House |
| 25:20 | Build | House |
| 25:41 | Create | Villager (Male) |
| 25:41 | Create | Villager (Male) |
| 25:55 | Create | Villager (Male) |
| 26:06 | Build | Castle |
| 26:08 | Create | Villager (Male) |
| 26:08 | Create | Villager (Male) |
| 26:09 | Create | Villager (Male) |
| 26:16 | Research | Forging |
| 26:28 | Build | House |
| 26:29 | Build | House |
| 26:30 | Build | House |
| 26:32 | Build | House |
Build order — a0973081361
First 150 of 577 actions detected
| 0:01 | Create | Villager (Male) |
| 0:01 | Create | Villager (Male) |
| 0:02 | Create | Villager (Male) |
| 0:04 | Build | House |
| 0:07 | Build | House |
| 0:15 | Create | Villager (Male) |
| 0:16 | Create | Villager (Male) |
| 1:26 | Create | Villager (Male) |
| 1:26 | Create | Villager (Male) |
| 1:37 | Create | Villager (Male) |
| 1:46 | Build | Lumber Camp |
| 2:18 | Create | Villager (Male) |
| 2:18 | Create | Villager (Male) |
| 2:39 | Create | Villager (Male) |
| 3:09 | Create | Villager (Male) |
| 3:10 | Create | Villager (Male) |
| 3:50 | Build | House |
| 3:51 | Create | Villager (Male) |
| 3:52 | Create | Villager (Male) |
| 4:00 | Create | Villager (Male) |
| 4:15 | Build | Mill |
| 4:32 | Create | Villager (Male) |
| 4:53 | Create | Villager (Male) |
| 4:54 | Create | Villager (Male) |
| 4:54 | Create | Villager (Male) |
| 5:24 | Create | Villager (Male) |
| 5:25 | Create | Villager (Male) |
| 5:35 | Build | House |
| 5:43 | Create | Villager (Male) |
| 6:41 | Create | Villager (Male) |
| 6:41 | Create | Villager (Male) |
| 6:48 | Build | Mining Camp |
| 8:06 | Build | House |
| 8:12 | Create | Villager (Male) |
| 8:40 | Research | Feudal Age |
| 8:40 | Research | Feudal Age |
| 9:22 | Create | Villager (Male) |
| 9:23 | Create | Villager (Male) |
| 10:56 | Age | Feudal Age |
| 10:58 | Build | Blacksmith |
| 11:02 | Build | Market |
| 11:29 | Build | Mining Camp |
| 11:47 | Create | Villager (Male) |
| 11:56 | Build | Farm |
| 11:59 | Build | Farm |
| 12:03 | Build | Farm |
| 12:07 | Build | Farm |
| 12:09 | Build | Farm |
| 12:14 | Build | Farm |
| 12:16 | Research | Loom |
| 12:27 | Build | House |
| 12:39 | Research | Castle Age |
| 13:04 | Build | Barracks |
| 13:15 | Research | Double-Bit Axe |
| 13:43 | Research | Horse Collar |
| 15:21 | Age | Castle Age |
| 15:22 | Create | Villager (Male) |
| 15:22 | Create | Villager (Male) |
| 15:23 | Create | Villager (Male) |
| 15:27 | Build | Monastery |
| 15:42 | Build | Town Center |
| 15:48 | Create | Villager (Male) |
| 16:11 | Research | Bow Saw |
| 16:23 | Create | Monk |
| 16:27 | Build | House |
| 16:30 | Create | Villager (Male) |
| 17:02 | Build | House |
| 17:05 | Create | Villager (Male) |
| 17:08 | Build | Farm |
| 17:22 | Create | Villager (Male) |
| 17:23 | Create | Villager (Male) |
| 17:27 | Create | Villager (Male) |
| 17:27 | Create | Villager (Male) |
| 17:32 | Build | Farm |
| 17:36 | Build | House |
| 17:49 | Create | Monk |
| 17:59 | Research | Heavy Plow |
| 18:01 | Create | Villager (Male) |
| 18:01 | Create | Villager (Male) |
| 18:06 | Build | Farm |
| 18:10 | Build | House |
| 18:11 | Build | House |
| 18:18 | Create | Villager (Male) |
| 18:18 | Create | Villager (Male) |
| 18:22 | Build | Farm |
| 18:25 | Build | Farm |
| 18:55 | Build | Farm |
| 18:56 | Build | Farm |
| 18:57 | Create | Villager (Male) |
| 18:58 | Create | Villager (Male) |
| 19:14 | Build | Stable |
| 19:23 | Create | Villager (Male) |
| 19:23 | Create | Villager (Male) |
| 19:27 | Build | Farm |
| 19:44 | Create | Villager (Male) |
| 19:45 | Create | Villager (Male) |
| 19:46 | Create | Villager (Male) |
| 20:05 | Create | Villager (Male) |
| 20:06 | Create | Villager (Male) |
| 20:10 | Build | Farm |
| 20:14 | Create | Camel Scout |
| 20:14 | Create | Camel Scout |
| 20:15 | Create | Camel Scout |
| 20:17 | Build | House |
| 20:18 | Build | House |
| 20:27 | Create | Villager (Male) |
| 20:27 | Create | Villager (Male) |
| 20:32 | Build | Farm |
| 20:33 | Build | Farm |
| 20:36 | Build | Farm |
| 20:52 | Create | Villager (Male) |
| 20:52 | Create | Villager (Male) |
| 20:57 | Build | Farm |
| 20:58 | Build | Farm |
| 21:10 | Build | Lumber Camp |
| 21:17 | Build | Farm |
| 21:20 | Create | Villager (Male) |
| 21:20 | Create | Villager (Male) |
| 21:24 | Create | Camel Scout |
| 21:24 | Create | Camel Scout |
| 21:28 | Build | House |
| 21:30 | Build | House |
| 21:48 | Build | Town Center |
| 21:52 | Create | Camel Scout |
| 22:08 | Research | Wheelbarrow |
| 22:09 | Create | Villager (Male) |
| 22:09 | Create | Villager (Male) |
| 22:14 | Build | Farm |
| 22:23 | Build | Farm |
| 22:27 | Create | Camel Scout |
| 22:33 | Build | House |
| 22:35 | Build | House |
| 22:59 | Create | Villager (Male) |
| 22:59 | Create | Villager (Male) |
| 23:03 | Build | Farm |
| 23:05 | Build | Farm |
| 23:15 | Build | Castle |
| 23:26 | Create | Villager (Male) |
| 23:34 | Build | Farm |
| 23:37 | Create | Villager (Male) |
| 23:38 | Create | Villager (Male) |
| 23:39 | Create | Villager (Male) |
| 23:40 | Create | Villager (Male) |
| 23:41 | Create | Villager (Male) |
| 23:41 | Create | Villager (Male) |
| 23:46 | Build | House |
| 23:52 | Build | House |
| 23:53 | Build | House |
| 23:54 | Build | House |
| 23:56 | Build | House |
Build order — IIIIIIIIIII2155
First 150 of 436 actions detected
| 0:02 | Create | Villager (Male) |
| 0:02 | Create | Villager (Male) |
| 0:05 | Build | House |
| 0:07 | Build | House |
| 0:44 | Create | Villager (Male) |
| 0:44 | Create | Villager (Male) |
| 1:22 | Create | Villager (Male) |
| 1:31 | Create | Villager (Male) |
| 1:51 | Build | Lumber Camp |
| 2:24 | Create | Villager (Male) |
| 2:24 | Create | Villager (Male) |
| 2:54 | Create | Villager (Male) |
| 3:13 | Build | House |
| 3:16 | Create | Villager (Male) |
| 3:53 | Create | Villager (Male) |
| 3:53 | Create | Villager (Male) |
| 4:55 | Create | Villager (Male) |
| 5:21 | Create | Villager (Male) |
| 5:22 | Create | Villager (Male) |
| 5:42 | Create | Villager (Male) |
| 5:43 | Create | Villager (Male) |
| 5:49 | Build | Mill |
| 5:55 | Create | Villager (Male) |
| 6:01 | Build | House |
| 6:11 | Build | Mill |
| 6:15 | Create | Villager (Male) |
| 6:32 | Create | Villager (Male) |
| 6:33 | Create | Villager (Male) |
| 6:33 | Create | Villager (Male) |
| 6:46 | Create | Villager (Male) |
| 7:00 | Build | House |
| 8:21 | Create | Villager (Male) |
| 8:37 | Build | Mining Camp |
| 8:52 | Create | Villager (Male) |
| 8:53 | Create | Villager (Male) |
| 9:08 | Research | Feudal Age |
| 9:36 | Create | Villager (Male) |
| 10:49 | Build | House |
| 11:30 | Create | Villager (Male) |
| 11:35 | Build | Market |
| 11:38 | Build | Blacksmith |
| 11:41 | Build | House |
| 11:42 | Build | House |
| 12:11 | Create | Villager (Male) |
| 12:30 | Build | Farm |
| 12:33 | Create | Villager (Male) |
| 12:40 | Research | Castle Age |
| 12:40 | Research | Castle Age |
| 12:59 | Build | Mining Camp |
| 13:08 | Build | Farm |
| 13:12 | Build | Farm |
| 13:30 | Build | Farm |
| 13:30 | Build | Farm |
| 13:32 | Build | Farm |
| 13:40 | Research | Double-Bit Axe |
| 14:03 | Research | Horse Collar |
| 14:23 | Create | Villager (Male) |
| 15:32 | Build | Town Center |
| 15:49 | Create | Villager (Male) |
| 16:09 | Create | Villager (Male) |
| 16:12 | Research | Heavy Plow |
| 16:15 | Create | Villager (Male) |
| 16:28 | Create | Villager (Male) |
| 16:48 | Create | Villager (Male) |
| 16:58 | Build | Town Center |
| 17:13 | Create | Villager (Male) |
| 17:20 | Create | Villager (Male) |
| 17:30 | Create | Villager (Male) |
| 17:37 | Build | Farm |
| 17:57 | Create | Villager (Male) |
| 17:58 | Create | Villager (Male) |
| 18:01 | Build | Farm |
| 18:01 | Build | Farm |
| 18:16 | Build | Town Center |
| 18:18 | Create | Villager (Male) |
| 18:26 | Build | Farm |
| 18:30 | Build | Farm |
| 18:37 | Create | Villager (Male) |
| 18:37 | Create | Villager (Male) |
| 18:38 | Create | Villager (Male) |
| 18:43 | Build | Farm |
| 18:53 | Create | Villager (Male) |
| 19:05 | Build | Farm |
| 19:09 | Build | Farm |
| 19:11 | Build | Farm |
| 19:12 | Create | Villager (Male) |
| 19:20 | Create | Villager (Male) |
| 19:24 | Build | Farm |
| 19:33 | Create | Villager (Male) |
| 19:46 | Build | Farm |
| 19:46 | Build | Farm |
| 19:47 | Build | Farm |
| 19:47 | Build | Farm |
| 19:47 | Build | Farm |
| 19:49 | Build | Farm |
| 19:51 | Create | Villager (Male) |
| 19:53 | Build | Farm |
| 19:56 | Create | Villager (Male) |
| 19:57 | Create | Villager (Male) |
| 20:04 | Create | Villager (Male) |
| 20:13 | Create | Villager (Male) |
| 20:17 | Build | Farm |
| 20:25 | Build | Farm |
| 20:27 | Create | Villager (Male) |
| 20:30 | Create | Villager (Male) |
| 20:36 | Create | Villager (Male) |
| 20:53 | Build | House |
| 20:56 | Build | House |
| 20:57 | Build | House |
| 20:59 | Build | House |
| 21:01 | Build | House |
| 21:03 | Build | House |
| 21:05 | Create | Villager (Male) |
| 21:05 | Create | Villager (Male) |
| 21:05 | Create | Villager (Male) |
| 21:06 | Create | Villager (Male) |
| 21:06 | Create | Villager (Male) |
| 21:12 | Create | Villager (Male) |
| 21:27 | Create | Villager (Male) |
| 21:33 | Build | Town Center |
| 21:35 | Build | Farm |
| 21:39 | Build | Farm |
| 21:42 | Create | Villager (Male) |
| 21:43 | Create | Villager (Male) |
| 21:50 | Create | Villager (Male) |
| 21:57 | Create | Villager (Male) |
| 22:02 | Create | Villager (Male) |
| 22:12 | Research | Bow Saw |
| 22:16 | Create | Villager (Male) |
| 22:22 | Build | Farm |
| 22:25 | Build | Farm |
| 22:28 | Build | Farm |
| 22:31 | Create | Villager (Male) |
| 22:37 | Create | Villager (Male) |
| 22:42 | Create | Villager (Male) |
| 22:45 | Create | Villager (Male) |
| 22:46 | Create | Villager (Male) |
| 22:52 | Create | Villager (Male) |
| 23:01 | Build | House |
| 23:02 | Build | House |
| 23:04 | Build | House |
| 23:05 | Build | House |
| 23:08 | Build | House |
| 23:09 | Build | House |
| 23:10 | Build | House |
| 23:11 | Build | House |
| 23:13 | Create | Villager (Male) |
| 23:13 | Create | Villager (Male) |
| 23:16 | Create | Villager (Male) |
| 23:18 | Build | Farm |
Match timeline
| 9:45 | gabrielholzapfel · first_building Barracks |
| 10:40 | praetorian005 · age_up feudal |
| 10:56 | a0973081361 · age_up feudal |
| 11:15 | gabrielholzapfel · age_up feudal |
| 11:24 | gabrielholzapfel · first_building Archery Range |
| 11:32 | YooLu · age_up feudal |
| 11:36 | 西游—理塘丁真 · age_up feudal |
| 12:13 | Hello World · age_up feudal |
| 12:57 | [BK] Ayala_27 · age_up feudal |
| 13:04 | a0973081361 · first_building Barracks |
| 14:25 | praetorian005 · age_up castle |
| 14:31 | praetorian005 · first_building Monastery |
| 14:40 | praetorian005 · first_market_sell 100 food |
| 14:56 | praetorian005 · first_market_buy 100 wood |
| 15:21 | a0973081361 · age_up castle |
| 15:27 | a0973081361 · first_building Monastery |
| 15:31 | 西游—理塘丁真 · age_up castle |
| 15:33 | YooLu · age_up castle |
| 15:35 | gabrielholzapfel · age_up castle |
| 16:11 | gabrielholzapfel · first_building Monastery |
| 16:12 | Hello World · age_up castle |
| 16:17 | Hello World · first_building Monastery |
| 16:36 | praetorian005 · first_building Barracks |
| 16:49 | [BK] Ayala_27 · age_up castle |
| 16:53 | [BK] Ayala_27 · first_building Monastery |
| 17:19 | IIIIIIIIIII2155 · first_market_buy 100 food |
| 17:45 | praetorian005 · first_building Stable |
| 17:58 | 西游—理塘丁真 · first_building Monastery |
| 19:14 | a0973081361 · first_building Stable |
| 21:56 | 西游—理塘丁真 · first_building Barracks |
| 22:16 | [BK] Ayala_27 · first_building Castle |
| 22:56 | 西游—理塘丁真 · first_building Stable |
| 23:01 | gabrielholzapfel · first_building Stable |
| 23:15 | a0973081361 · first_building Castle |
| 24:05 | 西游—理塘丁真 · first_building Castle |
| 24:14 | Hello World · first_market_buy 100 wood |
| 24:44 | [BK] Ayala_27 · first_building Barracks |
| 26:06 | Hello World · first_building Castle |
| 26:07 | IIIIIIIIIII2155 · first_building Castle |
| 26:16 | YooLu · first_building Monastery |
| 26:32 | a0973081361 · first_building Archery Range |
| 27:01 | YooLu · first_building Barracks |
| 27:02 | IIIIIIIIIII2155 · first_building Barracks |
| 27:10 | Hello World · age_up imperial |
| 27:52 | gabrielholzapfel · first_building Castle |
| 27:57 | [BK] Ayala_27 · first_building Stable |
| 28:01 | gabrielholzapfel · first_market_buy 100 food |
| 28:06 | IIIIIIIIIII2155 · first_building Stable |
| 28:11 | IIIIIIIIIII2155 · first_building Archery Range |
| 28:34 | IIIIIIIIIII2155 · first_building Monastery |
| 28:36 | YooLu · first_building Siege Workshop |
| 29:12 | praetorian005 · age_up imperial |
| 29:24 | 西游—理塘丁真 · age_up imperial |
| 29:29 | Hello World · first_building Siege Workshop |
| 29:44 | YooLu · first_building Castle |
| 29:53 | a0973081361 · age_up imperial |
| 30:00 | YooLu · age_up imperial |
| 30:06 | [BK] Ayala_27 · first_building Archery Range |
| 30:40 | Hello World · first_building Barracks |
| 30:54 | praetorian005 · first_building Castle |
| 31:25 | gabrielholzapfel · age_up imperial |
| 31:36 | Hello World · first_building Stable |
| 31:51 | [BK] Ayala_27 · first_building Siege Workshop |
| 31:53 | IIIIIIIIIII2155 · wall_segment Stone Wall x2 |
| 34:08 | 西游—理塘丁真 · tribute_sent a jugador 1 |
| 34:08 | 西游—理塘丁真 · tribute_sent a jugador 2 |
| 34:08 | 西游—理塘丁真 · tribute_sent a jugador 3 |
| 34:08 | 西游—理塘丁真 · tribute_sent a jugador 4 |
| 34:08 | 西游—理塘丁真 · tribute_sent a jugador 6 |
| 34:08 | 西游—理塘丁真 · tribute_sent a jugador 7 |
| 34:08 | 西游—理塘丁真 · tribute_sent a jugador 8 |
| 34:40 | [BK] Ayala_27 · age_up imperial |
| 36:38 | gabrielholzapfel · first_market_sell 100 food |
| 37:06 | 西游—理塘丁真 · first_market_sell 500 food |
| 37:20 | praetorian005 · first_building Archery Range |
| 42:32 | 西游—理塘丁真 · first_building Archery Range |
| 43:54 | IIIIIIIIIII2155 · resign |
[ AI ANALYSIS · 1 CREDIT ]
What really happened in this match?
Wolo.gg analyzes every decision: build order, eco, micro, common mistakes by bracket. Personalized analysis on WhatsApp or Discord in 30 seconds.
Civ guide
Teutons
Perfil
Jugador #921413